 Dungeon Crawl Stone Soup version 0.13.0-9-gbc74161 (webtiles) character file.

3995 4tharraofdagon the Cleaver (level 9, -16/133 HPs)
             Began as a Troll Berserker on Oct 18, 2013.
             Was a Priest of Trog.
             Demolished by a polar bear (19 damage)
             ... in an ice cave.
             The game lasted 00:19:37 (3171 turns).

4tharraofdagon the Cleaver (Troll Berserker)        Turns: 3171, Time: 00:19:37

HP -16/133       AC  9     Str 35      XL: 9   Next: 90%
MP  10/10        EV 10     Int  6      God: Trog [***...]
Gold 312         SH  0     Dex 12      Spells:  0 memorised,  8 levels left

Res.Fire  : . . .   See Invis. : .   s - +0 dwarf war axe
Res.Cold  : + . .   Warding    : .   J - +1 robe of Resourcefulness {rC+ Int+3}
Life Prot.: . . .   Conserve   : .   (shield restricted)
Res.Poison: +       Res.Corr.  : .   (helmet restricted)
Res.Elec. : .       Clarity    : .   e - +2 cloak {rPois}
Sust.Abil.: . .     Spirit.Shd : .   (gloves unavailable)
Res.Mut.  : .       Stasis     : .   (boots unavailable)
Res.Rott. : .       Flight     : .   (no amulet)
Gourmand  : +                        G - ring of protection from magic {unknown}
                                     u - +3 ring of dexterity

@: regenerating, berserking, very quick, extremely resistant to hostile
enchantments, extremely unstealthy
A: unfitting armour, claws 3, fast metabolism 3, gourmand, regeneration 2,
saprovore 2, tough skin 2, AC +1
a: Burn Spellbooks, Berserk, Trog's Hand, Renounce Religion


You were in an ice cave.
You worshipped Trog.
Trog was most pleased with you.
You were full.

You visited 2 branches of the dungeon, and saw 13 of its levels.
You also visited: Labyrinth and Ice Cave.

You collected 292 gold pieces.

Inventory:

Hand weapons
 a - a +0,+0 hand axe {=f}
 s - a +0,+0 dwarven war axe (weapon)
 D - the +9,+9 Staff of Wucad Mu
   (You found it on level 9 of the Dungeon)
Missiles
 o - 2 throwing nets (quivered)
Armour
 e - a +2 cloak of poison resistance (worn)
 y - a +0 robe of fire resistance
 J - the +1 robe of Resourcefulness (worn) {rC+ Int+3}
   (You found it in a labyrinth)

   It affects your intelligence (+3).
   It protects you from cold.
 K - the +2 troll leather armour of the Eight Boll Weevils {rElec}
   (You found it in a labyrinth)

   It insulates you from electricity.
Magical devices
 b - a wand of slowing (12)
 A - a wand of fireball (2)
 E - a wand of magic darts (9)
 L - a wand of polymorph (10)
 M - a wand of polymorph (6)
 N - a wand of fire (8)
 O - a wand of digging (10)
Comestibles
 c - 6 meat rations
 f - 3 bread rations
 i - 2 pears
 n - a beef jerky
 F - an apple
Scrolls
 g - 2 scrolls of remove curse {unknown}
 h - 3 scrolls of teleportation
 j - 2 scrolls of curse jewellery {unknown}
 l - a scroll of holy word {unknown}
 p - 2 scrolls of fear {unknown}
 q - a scroll of curse weapon {unknown}
 r - a scroll of fog {unknown}
 t - 4 scrolls of identify {unknown}
 x - a scroll of random uselessness {unknown}
 z - a scroll of enchant weapon I {unknown}
 C - 2 scrolls of enchant weapon II {unknown}
 H - a scroll of blinking {unknown}
Jewellery
 u - a +3 ring of dexterity (left claw)
 G - a ring of protection from magic (right claw) {unknown}
Magical staves
 m - a cursed staff of air {unknown}
 P - an uncursed staff of conjuration {unknown}


   Skills:
 + Level 6.4 Fighting
 * Level 9.2 Axes
 + Level 1.3 Armour
 - Level 2.6 Dodging
 + Level 5.0 Evocations


You had 8 spell levels left.
You didn't know any spells.

Dungeon Overview and Level Annotations

Branches:
Dungeon (10/27)            Temple (0/1) D:5            Lair (3/8) D:10
    Orc: D:6-11       Swamp: Lair:3-6    Shoals: Lair:3-6     Snake: Lair:3-6
 Spider: Lair:3-6

Altars:
Nemelex Xobeh
Xom


Innate Abilities, Weirdness & Mutations

You are too large for most types of armour.
You have claws for hands.
Your metabolism is lightning-fast.
You like to eat raw meat.
You heal very quickly.
You can eat rotten meat.
You are covered in fur (AC +1).
You have very tough skin (AC +2).


Message History

The wolf barely misses you. The wolf bites you.
* * * LOW HITPOINT WARNING * * *
You barely miss the wolf. You slash the wolf!
You kill the wolf!
Trog accepts your kill.
You slash the polar bear!
The polar bear is moderately wounded.
The wolf bites you but does no damage.
Unknown command.
Unknown command.
You slash the polar bear!
The polar bear is heavily wounded.
You slash the yak!
The yak is moderately wounded.
You slash the wolf!
You kill the wolf!
Trog accepts your kill.
Your Evocations skill increases to level 5!
The polar bear bites you!
You die...

#####
#####...##
##∩..UY...#
#.....@#..#
#....###..#
#∩#.## ..##
##### ...#
#U.## Y.#
..# ..


You could see a polar bear and a yak.

Vanquished Creatures
  6 blink frogs
  A hippogriff (D:7)
  3 wolves (IceCv)
  The ghost of Yermak the Sneak, an average SpNe (D:4)
  An orc warrior (D:7)
  3 ogres
  A crocodile (Lair:1)
  2 giant frogs (D:7)
  A gnoll sergeant (D:3)
  4 wights (D:7)
  2 crimson imps
  An orc priest (D:7)
  A jelly (D:7)
  4 hounds
  3 gnoll shamans (D:3)
  2 orc wizards
  A worker ant (D:7)
  3 adders (D:2)
  29 gnolls (D:3)
  2 inept feature mimics (D:3)
  12 white imps (Lair:3)
  A worm (D:5)
  An adder skeleton (D:5)
  7 orcs
  A giant cockroach (D:2)
  2 goblins (D:2)
  4 hobgoblins
  19 jackals
  7 kobolds
  5 bats
  2 giant geckos
  2 giant newts (D:4)
  A kobold zombie (D:5)
  A quokka (Lair:1)
  9 rats
  2 fungi (Lair:1)
147 creatures vanquished.

Vanquished Creatures (collateral kills)
  A minotaur (Lab)
1 creature vanquished.

Grand Total: 148 creatures vanquished

Notes
Turn   | Place    | Note
--------------------------------------------------------------
     0 | D:1      | 4tharraofdagon, the Troll Berserker, began the quest for the Orb.
     0 | D:1      | Reached XP level 1. HP: 23/23 MP: 0/0
    93 | D:2      | Reached XP level 2. HP: 31/31 MP: 0/0
   114 | D:2      | Reached skill level 3 in Axes
   221 | D:2      | Found a sparkling altar of Nemelex Xobeh.
   221 | D:2      | Found a shimmering altar of Xom.
   247 | D:2      | Reached XP level 3. HP: 36/39 MP: 1/1
   322 | D:3      | Acquired Trog's second power
   386 | D:3      | Reached XP level 4. HP: 46/46 MP: 1/1
   452 | D:3      | Noticed a gnoll sergeant
   466 | D:3      | Reached skill level 4 in Axes
   471 | D:3      | Killed a gnoll sergeant
   471 | D:3      | Reached XP level 5. HP: 49/54 MP: 1/1
   636 | D:3      | Reached XP level 6. HP: 62/62 MP: 2/2
   650 | D:3      | Reached skill level 5 in Axes
  1078 | D:4      | Reached XP level 7. HP: 65/70 MP: 2/2
  1095 | D:4      | Reached skill level 1 in Evocations
  1210 | D:4      | Noticed Yermak's ghost (average SpNe)
  1225 | D:4      | Killed Yermak's ghost
  1225 | D:4      | Reached skill level 6 in Axes
  1252 | D:5      | Entered Level 5 of the Dungeon
  1266 | D:5      | Found a staircase to the Ecumenical Temple.
  1421 | D:7      | Acquired Trog's third power
  1428 | D:7      | Reached XP level 8. HP: 74/79 MP: 3/4
  1511 | D:7      | Reached skill level 5 in Fighting
  1511 | D:7      | Reached skill level 7 in Axes
  1822 | D:10     | Entered Level 10 of the Dungeon
  1994 | D:10     | Found a staircase to the Lair.
  2021 | Lair:1   | Entered Level 1 of the Lair of Beasts
  2034 | Lair:1   | Noticed a blink frog
  2036 | Lair:1   | Noticed a blink frog
  2038 | Lair:1   | Noticed a blink frog
  2044 | Lair:1   | Killed a blink frog
  2044 | Lair:1   | Reached XP level 9. HP: 88/88 MP: 8/8
  2052 | Lair:1   | Noticed a blink frog
  2052 | Lair:1   | Killed a blink frog
  2052 | Lair:1   | Reached skill level 8 in Axes
  2056 | Lair:1   | Noticed a blink frog
  2057 | Lair:1   | Killed a blink frog
  2066 | Lair:1   | Killed a blink frog
  2084 | Lair:1   | Killed a blink frog
  2110 | Lair:1   | Found a labyrinth entrance.
  2126 | Lab      | Entered a labyrinth
  2817 | Lab      | Noticed a minotaur
  2822 | Lab      | Killed a minotaur
  2847 | Lab      | Got an ancient robe
  2847 | Lab      | Got a fine troll leather armour
  2861 | Lair:1   | Identified the +2 troll leather armour of the Eight Boll Weevils {rElec} (You found it in a labyrinth)
  2870 | Lair:1   | Identified the +1 robe of Resourcefulness {rC+ Int+3} (You found it in a labyrinth)
  3039 | Lair:3   | Reached skill level 9 in Axes
  3067 | Lair:3   | Found a frozen archway.
  3146 | IceCv    | Entered an ice cave
  3169 | IceCv    | Reached skill level 1 in Armour
  3169 | IceCv    | HP: 2/133 [polar bear (15)]
  3171 | IceCv    | Reached skill level 5 in Evocations
  3171 | IceCv    | Demolished by a polar bear

Action                   |  1- 3 |  4- 6 |  7- 9 || total
-------------------------+-------+-------+-------++-------
Melee: Hand axe          |    97 |   144 |     7 ||   248
       War axe           |       |       |   201 ||   201
Invok: Berserk           |     1 |     4 |     9 ||    14
       Trog's Hand       |       |     2 |     8 ||    10
       Brothers in Arms  |       |       |     1 ||     1
Evoke: Wand              |       |       |     8 ||     8
  Use: Scroll            |       |       |     1 ||     1
